 Dungeon Crawl Stone Soup version 0.30-a0-570-g486de37d69 (webtiles) character file.

Game seed: 7545721301549279102

183 Ijustatesigmund the Trooper (level 5, 0/50 HPs)
             Began as a Hill Orc Fighter on Dec 29, 2022.
             Succumbed to a scorpion's poison
             ... on level 4 of the Dungeon.
             The game lasted 00:02:16 (2117 turns).

Ijustatesigmund the Trooper (Hill Orc Fighter)      Turns: 2117, Time: 00:02:17

Health: 0/50       AC:  2    Str: 21    XL:     5   Next: 62%
Magic:  5/5        EV:  9    Int:  8    God:
Gold:   118        SH:  4    Dex: 10    Spells: 4/4 levels left

rFire   . . .      SeeInvis .    r - +0 morningstar
rCold   . . .      Faith    .    c - +0 buckler
rNeg    . . .      Spirit   .    b - +0 scale mail
rPois   .          Reflect  .    (no helmet)
rElec   .          Harm     .    (no cloak)
rCorr   .          Rampage  .    (no gloves)
Will    .....                    (no boots) Stlth
                                 (no amulet)
HPRegen 0.28/turn                (no ring)
MPRegen 0.09/turn                (no ring)

@: lethally poisoned (0 -> -7), corroded, invisible
A: no striking features
a: no special abilities


You were on level 4 of the Dungeon.
You visited 1 branch of the dungeon, and saw 4 of its levels.

You collected 118 gold pieces.

Inventory:

Hand Weapons
 a - a +0 war axe
 r - a +0 morningstar (weapon)
Armour
 b - a +0 scale mail (worn)
 c - a +0 buckler (worn)
Scrolls
 f - 5 scrolls of teleportation {unknown}
 h - 3 scrolls of identify
 i - a scroll of poison {unknown}
 j - a scroll of blinking {unknown}
 l - a scroll of fear {unknown}
 n - a scroll of butterflies {unknown}
 p - a scroll of enchant weapon {unknown}
 q - a scroll of vulnerability {unknown}
Potions
 d - 4 potions of might
 e - 3 potions of flight
 g - a potion of degeneration {unknown}
 k - a potion of brilliance {unknown}
 m - a potion of cancellation {unknown}


   Skills:
 + Level 5.7 Fighting
 + Level 5.4 Axes
 + Level 3.5 Armour
 - Level 3.2 Shields


You had 4 spell levels left.
You didn't know any spells.
Your spell library contained the following spells:

 Spells                   Type           Power      Damage    Failure   Level
 Freeze                   Ice            0%         1d3       83%         1
 Frozen Ramparts          Ice            0%         1d1       99%         3
 Gell's Gravitas          Tloc           0%         N/A       99%         3
 Hailstorm                Conj/Ice       0%         3d3       99%         3
 Lesser Beckoning         Tloc           0%         N/A       99%         3
 Teleport Other           Tloc           0%         N/A       99%         3
 Passage of Golubria      Tloc           0%         N/A       100%        4
 Silence                  Hex/Air        0%         N/A       100%        5
 Lehudib's Crystal Spear  Conj/Erth      0%         10d2      100%        8


Dungeon Overview and Level Annotations

Branches:
Dungeon (4/15)
 Temple: D:4-7

Altars:

Shops:
D:1 (


Message History

The scorpion is moderately wounded.
You feel extremely sick. The scorpion stings you.
The jelly hits you but does no damage. The scorpion stings you.
The jelly hits you but does no damage.
You closely miss the scorpion.
The scorpion is moderately wounded.
You feel very sick. The scorpion closely misses you.
The jelly barely misses you. The scorpion closely misses you.
You closely miss the scorpion.
The scorpion is moderately wounded.
You feel very sick. The jelly barely misses you. The scorpion stings you.
The jelly hits you.
You are splashed with acid!
* * * LOW HITPOINT WARNING * * *
You are too injured to fight recklessly!
You are too injured to fight recklessly!
You are too injured to fight recklessly!
You are too injured to fight recklessly!
You are too injured to fight recklessly!
You are too injured to fight recklessly!
You are too injured to fight recklessly!
You are too injured to fight recklessly!
You are too injured to fight recklessly!
You are too injured to fight recklessly!
You are too injured to fight recklessly!
You are too injured to fight recklessly!
Okay, then.
As you read the scroll labelled VIGRAZ XOLU, it crumbles to dust.
It is a scroll of identify.
e - 3 potions of flight
* * * LOW HITPOINT WARNING * * *
You feel sick. The scorpion barely misses you. The jelly hits you.
* * * LOW HITPOINT WARNING * * *
The acid corrodes you!
You are splashed with acid.
* * * LOW HITPOINT WARNING * * *
The scorpion barely misses you.
It was a potion of invisibility.
You fade into invisibility!
You die...

.... .........## ####
##.... #.......## #
##..... ##.......# #
....... #.......## #
.....>.####........## ##
........##........<.###.
........$...###.........
.#.......## ##.....##.
#...@..## ##....##.
#..sJ..# #..>..###
##.....# #......# #
.......# #..##...#
.#####..# #.# ##..# ..
##.# .# ##.# . .. #(#
...


You could see a scorpion (unable to see you) and a jelly.

Vanquished Creatures
  A black bear (D:2)
  2 adders
  5 dart slugs
  An orc (D:4)
  4 ball pythons
  10 bats
  6 endoplasms
  A giant cockroach (D:3)
  9 goblins
  4 hobgoblins
  5 jackals
  4 kobolds
  A quokka (D:2)
  A frilled lizard (D:2)
  4 rats
58 creatures vanquished.

Notes
Turn   | Place    | Note
-------+----------+-------------------------------------------
     0 | D:1      | Ijustatesigmund the Hill Orc Fighter began the quest for
                  | the Orb.
     0 | D:1      | Reached XP level 1. HP: 19/19 MP: 1/1
   212 | D:1      | Found Pecocijo's Weapon Emporium.
   236 | D:1      | Reached XP level 2. HP: 27/27 MP: 2/2
   688 | D:1      | Reached XP level 3. HP: 34/34 MP: 3/3
   888 | D:2      | Noticed a black bear
   899 | D:2      | Killed a black bear
   900 | D:2      | Reached skill level 5 in Fighting
   900 | D:2      | Reached skill level 5 in Axes
   900 | D:2      | Reached XP level 4. HP: 25/42 MP: 4/4
   900 | D:2      | Reached XP level 5. HP: 29/48 MP: 5/5
  1019 | D:2      | You fall into a shaft and drop 1 floor!
  2116 | D:4      | HP: 1/50 [acid (5)]
  2117 | D:4      | Succumbed to a scorpion's poison

Illustrated notes

Levels and vault maps discovered:
D:1:      evilmike_arrival_plus, layout_basic, serial_shops,
          nicolae_shop_bloodbath_and_beyond
D:2:      layout_rooms
D:3:      layout_loops_ring, amcnicky_mini_pool_small
D:4:      layout_layer_cave

Skill      XL: |  1  2  3 |
---------------+----------+-----
Axes           | 3 5 |  5.4
Fighting       | 4 5 |  5.7
Armour         | |  3.5
Shields        | |  3.2

Action                   |  1- 3 |  4- 6 || total
-------------------------+-------+-------++-------
Melee: War axe           |    68 |    50 ||   118
       Morningstar       |       |     7 ||     7
  Use: Scroll            |       |     1 ||     1
       Potion            |       |     1 ||     1
Armor: Scale mail        |    45 |    26 ||    71
Dodge: Dodged            |    46 |    38 ||    84
Block: Buckler           |    22 |     9 ||    31

Table legend: (Time is in decaauts)
 A = Elapsed time spent in this place.
 B = Non-inter-level travel time spent in this place.
 C = Inter-level travel time spent in this place.
 D = Time resting spent in this place.
 E = Time spent auto-exploring this place.
 F = Levels seen in this place.
 G = Mean time per level.
                   A        B        C        D        E       F      G
               +--------+--------+--------+--------+--------+-----+--------+
         Total |   2156 |   2089 |     67 |    326 |   1417 |   4 |  539.0 |
       Dungeon |   2156 |   2089 |     67 |    326 |   1417 |   4 |  539.0 |
               +--------+--------+--------+--------+--------+-----+--------+

Top non-repeatable levels by time:
     D:1: 769 daAuts
     D:3: 696 daAuts
     D:2: 570 daAuts
     D:4: 120 daAuts
